 Dungeon Crawl Stone Soup version 0.29.1-12-g30fa7ad0bf (webtiles) character file.

Game seed: 15202449151997647877

662 cheesebisquit the Cleaver (level 7, -3/58 HPs)
             Began as a Minotaur Berserker on Jan 2, 2023.
             Was a Priest of Trog.
             Slain by a gnoll sergeant
             ... wielding a +1 vorpal trident
              (9 damage)
             ... on level 6 of the Dungeon on Jan 3, 2023.
             The game lasted 00:19:28 (3867 turns).

cheesebisquit the Cleaver (Minotaur Berserker)      Turns: 3867, Time: 00:19:28

Health: -3/58      AC: 12    Str: 30    XL:     7   Next: 30%
Magic:  6/6        EV:  4    Int:  4    God:    Trog [***...]
Gold:   289        SH:  0    Dex:  9    Spells: 6/6 levels left

rFire   . . .      SeeInvis .   a - +0 hand axe
rCold   . . .      Faith    .   j - +0 buckler
rNeg    . . .      Spirit   .   t - +0 plate armour
rPois   .          Reflect  .   (helmet restricted)
rElec   .          Harm     .   (no cloak)
rCorr   .          Rampage  .   l - +0 pair of gloves
Will    +++..                   (no boots)
Stlth   ..........              i - amulet of regeneration
HPRegen 1.99/turn               u - ring of willpower
MPRegen 0.10/turn               e - +6 ring of strength

@: about to teleport, strong-willed, held, regenerating, slowed, invisible, very
slow
A: horns 2, retaliatory headbutt
a: Renounce Religion, Berserk, Trog's Hand


You were on level 6 of the Dungeon.
You worshipped Trog.
Trog was most pleased with you.
You visited 1 branch of the dungeon, and saw 6 of its levels.

You collected 289 gold pieces.

Inventory:

Hand Weapons
 a - a +0 hand axe (weapon)
Missiles
 g - 28 poisoned darts (quivered)
 p - a throwing net
Armour
 j - a +0 buckler (worn)
 l - a +0 pair of gloves (worn)
 t - a +0 plate armour (worn)
Jewellery
 e - a +6 ring of strength (right hand)
 i - an amulet of regeneration (around neck)
 u - a ring of willpower (left hand)
 w - a ring of protection from cold
Wands
 c - a wand of polymorph (9)
Scrolls
 f - a scroll of teleportation
 k - a scroll of fear {unknown}
 q - a scroll of butterflies {unknown}
 s - 2 scrolls of torment
 v - a scroll of summoning {unknown}
 x - a scroll of identify
 y - a scroll of poison
Potions
 b - 2 potions of ambrosia
 d - 2 potions of lignification
 h - a potion of invisibility
 m - a potion of flight {unknown}
 n - a potion of curing
 o - 2 potions of attraction
 r - a potion of heal wounds {unknown}
 z - a potion of haste {unknown}


   Skills:
 - Level 3.8 Fighting
 + Level 8.3 Axes
 - Level 2.6 Armour
 - Level 2.4 Dodging
 + Level 5.4 Shields


You had 6 spell levels left.
You didn't know any spells.
Your spell library was empty.

Dungeon Overview and Level Annotations

Branches:
Dungeon (6/15)             Temple (0/1) D:5

Altars:
Cheibriados
Dithmenos
Elyvilon
Fedhas
Hepliaklqana
Makhleb
Okawaru
Sif Muna
Trog
Uskayaw
Wu Jian
Xom
Yredelemnul
Zin
The Shining One

Shops:
D:3 (


Innate Abilities, Weirdness & Mutations

You have a pair of horns on your head.
You reflexively headbutt those who attack you in melee.


Message History

You hit the gnoll.
You kill the gnoll!
Trog accepts your kill.
You hit the gnoll sergeant but do no damage.
The gnoll throws a curare-tipped dart.
The curare-tipped dart hits you.
You are poisoned.
You have difficulty breathing.
You feel yourself slow down.
The gnoll throws a throwing net.
The throwing net hits you.
You become entangled in the net!
The gnoll sergeant hits you with a +1 vorpal trident.
Your skin crawls.
You feel strong-willed.
You feel very sick.
The gnoll throws a curare-tipped dart.
The curare-tipped dart hits you.
You are more poisoned.
You have difficulty breathing.
You feel as though you will be slow longer.
The gnoll sergeant hits you with a +1 vorpal trident.
* * * LOW HITPOINT WARNING * * *
x2 You feel better.
The gnoll hits you from afar with a +0 spear.
The gnoll sergeant hits you with a +1 vorpal trident.
* * * LOW HITPOINT WARNING * * *
The gnoll sergeant hits you with a +1 vorpal trident.
* * * LOW HITPOINT WARNING * * *
x2 The gnoll hits you but does no damage.
You fade into invisibility!
The iguana bites you but does no damage.
The gnoll hits you from afar with a +0 spear.
* * * LOW HITPOINT WARNING * * *
The gnoll hits you with a +0 flail.
* * * LOW HITPOINT WARNING * * *
The gnoll sergeant hits you with a +1 vorpal trident.
* * * LOW HITPOINT WARNING * * *
x2
As you read the scroll of teleportation, it crumbles to dust.
You feel strangely unstable.
The iguana bites you but does no damage.
The gnoll hits you but does no damage. The gnoll barely misses you.
The gnoll sergeant hits you with a +1 vorpal trident!
You die...

.# #.# #.# #
###########.#
##.#....##.....######
....................####
.......)g...........'...
#...gl@............####
.......g######......# #.
.#...#### #......###.
##. #.####..##. # #.#
##.... #.# ####. #.# ##
#.# #.#


You could see a gnoll sergeant (unable to see you), an iguana (unable to see
you) and 2 gnolls.

Vanquished Creatures
  An ogre (D:5)
  3 necrophages
  A howler monkey (D:3)
  2 orc priests
  A hound (D:4)
  2 iguanas
  An orc wizard (D:5)
  5 gnolls
  4 adders
  An ufetubus (D:4)
  A worm (D:2)
  12 orcs
  7 ball pythons
  5 bats
  9 endoplasms
  3 giant cockroaches
  3 goblins
  9 hobgoblins
  8 jackals
  6 kobolds
  6 quokkas
  5 rats
95 creatures vanquished.

Vanquished Creatures (others)
  18 plants
18 creatures vanquished.

Grand Total: 113 creatures vanquished

Notes
Turn   | Place    | Note
-------+----------+-------------------------------------------
     0 | D:1      | cheesebisquit the Minotaur Berserker began the quest for
                  | the Orb.
     0 | D:1      | Reached XP level 1. HP: 19/19 MP: 0/0
   111 | D:1      | Found a faded altar of an unknown god.
   409 | D:1      | Reached XP level 2. HP: 27/27 MP: 1/1
   416 | D:1      | Reached skill level 4 in Axes
  1307 | D:2      | Noticed a necrophage
  1313 | D:2      | Reached XP level 3. HP: 33/33 MP: 2/2
  1316 | D:2      | Killed a necrophage
  1317 | D:2      | Reached skill level 5 in Axes
  1317 | D:2      | Reached XP level 4. HP: 40/40 MP: 3/3
  1330 | D:2      | Reached skill level 6 in Axes
  1361 | D:2      | Reached ** piety under Trog
  1555 | D:2      | Reached skill level 1 in Shields
  1635 | D:2      | Reached XP level 5. HP: 35/46 MP: 4/4
  1851 | D:3      | Found Qudul's Antique Weapon Boutique.
  1868 | D:3      | Found a burning altar of Makhleb.
  1880 | D:3      | Found a shimmering blue altar of Sif Muna.
  1882 | D:3      | Found a shadowy altar of Dithmenos.
  1882 | D:3      | Found a bloodstained altar of Trog.
  1883 | D:3      | Found an iron altar of Okawaru.
  1883 | D:3      | Found a hide-covered altar of Uskayaw.
  1883 | D:3      | Found a snail-covered altar of Cheibriados.
  1883 | D:3      | Found a hazy altar of Hepliaklqana.
  2487 | D:4      | Reached skill level 7 in Axes
  2487 | D:4      | Reached XP level 6. HP: 52/52 MP: 5/5
  2492 | D:4      | Reached *** piety under Trog
  2886 | D:4      | Found a glowing golden altar of the Shining One.
  2886 | D:4      | Found a glowing silver altar of Zin.
  2886 | D:4      | Found a white marble altar of Elyvilon.
  2908 | D:5      | Entered Level 5 of the Dungeon
  3058 | D:5      | Reached XP level 7. HP: 58/58 MP: 6/6
  3070 | D:5      | Reached skill level 8 in Axes
  3070 | D:5      | Reached skill level 5 in Shields
  3309 | D:5      | Found a staircase to the Ecumenical Temple.
  3729 | D:6      | Found a blossoming altar of Fedhas.
  3729 | D:6      | Found a shimmering altar of Xom.
  3730 | D:6      | Found an ornate altar of the Wu Jian Council.
  3824 | D:6      | Found a basalt altar of Yredelemnul.
  3867 | D:6      | Slain by a gnoll sergeant

Illustrated notes

Levels and vault maps discovered:
D:1:      amcnicky_arrival_wind_blow, layout_loops_corners,
          hellmonk_ecumenical_altar_blasted
D:2:      layout_rooms, nicolae_grassy_gnolls
D:3:      layout_basic, grunt_temple_overflow_open, serial_shops, shop
D:4:      layout_rooms, good_gods_mini_temple, minmay_misc_feat_enclosed
D:5:      layout_basic, minmay_temple_entry_proselytizer, serial_bayou_pond_c
D:6:      layout_basic, yredelemnul_altar_generic,
          nicolae_overflow_hidden_temple, minmay_diced_spiral

Skill      XL: |  1  2  3  4  5  6  7 |
---------------+----------------------+-----
Axes           | 4 5 6 7 8 |  8.3
Shields        | 1 3 4 5 |  5.4
Fighting       | |  3.8
Armour         | |  2.6
Dodging        | |  2.4

Action                   |  1- 3 |  4- 6 |  7- 9 || total
-------------------------+-------+-------+-------++-------
Melee: Hand axe          |    56 |   129 |    20 ||   205
       Headbutt          |     6 |    21 |     6 ||    33
       Punch             |     1 |       |       ||     1
Invok: Berserk           |     2 |     1 |       ||     3
       Trog's Hand       |       |     1 |     1 ||     2
  Use: Scroll            |       |     5 |     6 ||    11
       Potion            |       |       |     2 ||     2
 Stab: Sleeping          |     1 |     1 |       ||     2
Armor: Animal skin       |     9 |     1 |       ||    10
       Ring mail         |       |    11 |       ||    11
       Plate armour      |       |    40 |    11 ||    51
Dodge: Dodged            |    27 |    45 |     8 ||    80
Block: Buckler           |       |    17 |     4 ||    21
